 Dungeon Crawl Stone Soup version 0.25-a0-51-gc466198 (webtiles) character file.

Game seed: 11689383214782799906, levelgen mode: deterministic

3880 stealthycow the Grappler (level 10, -7/100 HPs)
             Began as a Troll Berserker on Oct 24, 2019.
             Was an Elder of Trog.
             Killed by divine providence
             ... invoked by an orc priest
              (15 damage)
             ... on level 7 of the Dungeon.
             The game lasted 00:09:39 (5795 turns).

stealthycow the Grappler (Troll Berserker)          Turns: 5795, Time: 00:09:40

Health: -7/100     AC:  8    Str: 30    XL:     10   Next: 0%
Magic:  18/18      EV: 11    Int:  3    God:    Trog [****..]
Gold:   376        SH:  0    Dex:  9    Spells: 9/9 levels left

rFire    . . .     SeeInvis .     - Unarmed
rCold    . . .     Gourm    +   (no shield)
rNeg     . . .     Faith    .   a - +1 animal skin
rPois    .         Spirit   .   (helmet restricted)
rElec    .         Reflect  .   p - +0 cloak
rCorr    .         Harm     .   (gloves unavailable)
MR       ++...                  (boots unavailable)
Stlth    +.........             (no amulet)
HPRegen  1.66/turn              r - ring of magical power
MPRegen  0.16/turn              (no ring)

@: berserk cooldown, regenerating, slowed, very slow
A: large, unfitting armour, claws 3, fast metabolism 3, gourmand, regeneration
1, shaggy fur 1, tough skin 3
a: Berserk, Trog's Hand, Brothers in Arms, Renounce Religion


You were on level 7 of the Dungeon.
You worshipped Trog.
Trog was greatly pleased with you.
You were very full.

You visited 1 branch of the dungeon, and saw 8 of its levels.

You collected 376 gold pieces.

Inventory:

Hand Weapons
 b - the +9 falchion "Diskisa" {drain, *Slow +Rage rElec rPois}
   (You found it on level 7 of the Dungeon)

   A truly terrible weapon, it drains the life of those it strikes.
   It insulates you from electricity.
   It protects you from poison.
   It lets you go berserk.
   It may slow you when you take damage.
 u - a +3 trident of freezing
Armour
 a - a +1 animal skin (worn)
 p - a +0 cloak (worn)
Jewellery
 r - a ring of magical power (left claw)
Wands
 n - a wand of flame (29)
 v - a wand of acid (4)
 w - a wand of iceblast (10)
Scrolls
 f - a scroll of remove curse
 j - 5 scrolls of teleportation
 o - a scroll of fear
 s - a scroll of fog
Potions
 d - a potion of flight
 e - a potion of agility
 g - 9 potions of curing
 h - 2 potions of brilliance
 i - a potion of ambrosia {unknown}
 k - a potion of degeneration {unknown}
 m - 3 potions of might
 q - a potion of haste {unknown}
Comestibles
 l - 10 rations
 x - 11 chunks of flesh


   Skills:
 + Level 6.9 Fighting
 - Level 5.0 Dodging
 * Level 11.2 Unarmed Combat


You had 9 spell levels left.
You didn't know any spells.
Your spell library was empty.

Dungeon Overview and Level Annotations

Branches:
Dungeon (8/15)             Temple (0/1) D:7            Lair (0/6) D:8

Altars:
Hepliaklqana
Nemelex Xobeh
Qazlal
Vehumet


Innate Abilities, Weirdness & Mutations

You are too large for most types of armour.
You have claws for hands.
Your metabolism is lightning-fast.
You like to eat raw meat.
Your natural rate of healing is unusually fast.
You are covered in fur. (AC +1)
You have extremely tough skin. (AC +3)


Message History

The warg bites you!
You scratch the warg.
The warg is lightly wounded.
The centaur unwields a +0 shortbow.
The centaur hits you!
* * * LOW HITPOINT WARNING * * *
The warg bites you.
* * * LOW HITPOINT WARNING * * *
The crimson imp blinks!
The centaur hits you!
* * * LOW HITPOINT WARNING * * *
The warg closely misses you.
Okay, then.
Your skin crawls.
You feel resistant to hostile enchantments.
You feel somewhat less full. The centaur hits you!
* * * LOW HITPOINT WARNING * * *
The warg closely misses you. The centaur hits you.
* * * LOW HITPOINT WARNING * * *
The orc priest mumbles some strange prayers to Beogh against you.
Beogh smites you!
You die...

#...(#........5.
###(>#..##.......
##...## ##.....
####.o5..###....
##.....#..........#
###...o(.#.##.......
#....o########.....#
##...ch.######......###
#(....@.....##.......(.
##.5....#......#.......
###.....##.....#.....).
#.............)).......
###....###.............
##.#.#####...........
#..#..####).###......
##..##.......##.....##
#...##..#.............


You could see a warg, a centaur, an orc priest, an orc wizard and a crimson imp.

Vanquished Creatures
  A two-headed ogre (D:8)
  The ghost of Pooter the Grasshopper, an amateur GnWr (D:4)
  2 hippogriffs
  The ghost of Jonathan7162 the Magician, an amateur DECj of Vehumet (D:5)
  2 wargs (D:8)
  An orc warrior (D:6)
  A sky beast (D:7)
  A black bear (D:8)
  An ogre (D:7)
  3 centaurs
  2 bullfrogs
  A scorpion (D:4)
  9 wights
  A howler monkey (D:6)
  A centaur zombie (D:8)
  5 crimson imps
  3 orc priests
  A jelly (D:8)
  3 hounds
  4 orc wizards
  An iguana (D:4)
  8 worker ants
  2 hound skeletons (D:5)
  A howler monkey skeleton (D:7)
  7 gnolls
  10 adders
  3 shadow imps
  2 oozes
  An adder zombie (D:5)
  A worm (D:3)
  A dart slug (D:2)
  3 leopard geckos
  18 orcs
  3 ball pythons
  9 bats
  6 giant cockroaches
  9 goblins
  6 hobgoblins
  12 jackals
  2 quokkas
  6 frilled lizards
  12 kobolds
  A leopard gecko skeleton (D:4)
  A quokka skeleton (D:5)
  A quokka zombie (D:5)
  3 rats
173 creatures vanquished.

Vanquished Creatures (others)
  4 toadstools (D:1)
4 creatures vanquished.

Grand Total: 177 creatures vanquished

Notes
Turn   | Place    | Note
-------+----------+-------------------------------------------
     0 | D:1      | stealthycow the Troll Berserker began the quest for the
                  | Orb.
     0 | D:1      | Reached XP level 1. HP: 22/22 MP: 0/0
   452 | D:1      | Reached XP level 2. HP: 29/29 MP: 1/1
   891 | D:2      | Reached XP level 3. HP: 36/36 MP: 2/2
  1104 | D:2      | Reached ** piety under Trog
  1141 | D:2      | Reached skill level 4 in Unarmed Combat
  1157 | D:2      | Reached XP level 4. HP: 44/44 MP: 3/3
  1765 | D:3      | Reached XP level 5. HP: 53/53 MP: 4/4
  2131 | D:3      | Found a stormy altar of Qazlal.
  2543 | D:4      | Reached skill level 5 in Unarmed Combat
  2800 | D:4      | Reached XP level 6. HP: 60/61 MP: 5/5
  2808 | D:4      | Reached *** piety under Trog
  2928 | D:4      | Found a runed translucent door.
  2928 | D:4      | Noticed Pooter's ghost (amateur GnWr)
  3062 | D:4      | Killed Pooter's ghost
  3062 | D:4      | Reached skill level 6 in Unarmed Combat
  3062 | D:4      | Reached XP level 7. HP: 38/68 MP: 6/6
  3175 | D:5      | Entered Level 5 of the Dungeon
  3251 | D:5      | Found a transporter.
  3254 | D:5      | Found a transporter.
  3254 | D:5      | Noticed Jonathan7162's ghost (amateur DECj)
  3292 | D:5      | Found a radiant altar of Vehumet.
  3565 | D:5      | Got a dazzling rapier
  3566 | D:5      | Identified the +5 rapier of Truncation {flame, rN+} (You
                  | found it on level 5 of the Dungeon)
  3928 | D:5      | Killed Jonathan7162's ghost
  3928 | D:5      | Reached skill level 7 in Unarmed Combat
  4134 | D:6      | Reached XP level 8. HP: 67/79 MP: 7/7
  4365 | D:6      | Found a hazy altar of Hepliaklqana.
  4398 | D:6      | Reached skill level 5 in Dodging
  4398 | D:6      | Reached skill level 8 in Unarmed Combat
  4402 | D:6      | Reached skill level 5 in Fighting
  4447 | D:6      | Noticed a hippogriff
  4503 | D:6      | Killed a hippogriff
  5091 | D:6      | Found a sparkling altar of Nemelex Xobeh.
  5164 | D:7      | Reached skill level 9 in Unarmed Combat
  5305 | D:7      | Reached XP level 9. HP: 60/88 MP: 8/8
  5523 | D:7      | Found a staircase to the Ecumenical Temple.
  5665 | D:7      | Got a crystal falchion
  5666 | D:7      | Identified the +9 falchion "Diskisa" {drain, *Slow +Rage
                  | rElec rPois} (You found it on level 7 of the Dungeon)
  5705 | D:7      | Reached **** piety under Trog
  5742 | D:8      | Noticed a two-headed ogre
  5747 | D:8      | Reached skill level 10 in Unarmed Combat
  5756 | D:8      | Killed a two-headed ogre
  5758 | D:8      | Reached skill level 11 in Unarmed Combat
  5761 | D:8      | Found a staircase to the Lair.
  5779 | D:8      | Reached XP level 10. HP: 57/100 MP: 9/9
  5795 | D:7      | Killed from afar by an orc priest

Levels and vault maps discovered:
D:1:      lightli_arrival_windingriver, layout_loops_corners,
          minmay_gold_behind_fungi
D:2:      layout_loops_corners, first_ration, corexii_leaking_fountain
D:3:      layout_basic, lemuel_doored_altar
D:4:      layout_gridville, ebering_ghost_reflecting_pool
D:5:      layout_gridville, gammafunk_ghost_mausoleum, vehumet_altar_wand_db
D:6:      layout_gridville, basic_altar, nemelex_xobeh_ov_fountains_minmay
D:7:      layout_cave_pools, temple_pool_b
D:8:      layout_rooms, gammafunk_temple_overflow_forgotten,
          erik_lair_orcish_takeover, basic_altar, uniq_maurice

Skill      XL: |  1  2  3  4  5  6  7  8  9 |
---------------+----------------------------+-----
Unarmed Combat | 4 5 6 7 9 11 | 11.2
Fighting       | 3 4 5 6 |  6.9
Dodging        | 3 4 5 |  5.0

Action                   |  1- 3 |  4- 6 |  7- 9 | 10-12 || total
-------------------------+-------+-------+-------+-------++-------
Melee: Unarmed           |   123 |   136 |   268 |     3 ||   530
       Punch             |       |       |    12 |       ||    12
Invok: Berserk           |       |     2 |     4 |       ||     6
       Trog's Hand       |       |     2 |     2 |     1 ||     5
  Use: Scroll            |       |    10 |     5 |       ||    15
 Stab: Sleeping          |       |       |     1 |       ||     1
  Eat: Chunk             |    16 |    19 |    29 |       ||    64
Armor: Animal skin       |    75 |    50 |   109 |     4 ||   238
Dodge: Dodged            |    75 |    59 |   191 |    12 ||   337

Table legend:
 A = Non-vault XP
 B = Vault XP
 C = Vault XP percentage of total XP
 D = Non-vault monster count
 E = Vault monster count
 F = Vault count percentage of total count
                 A         B        C        D         E       F
            +---------+---------+-------+---------+---------+-------
      Total |    4594 |     950 |  17.1 |     161 |      12 |   6.9
            +---------+---------+-------+---------+---------+-------
        D:1 |      40 |       0 |   0.0 |      21 |       0 |   0.0
        D:2 |      92 |       0 |   0.0 |      25 |       0 |   0.0
        D:3 |     106 |       0 |   0.0 |      22 |       0 |   0.0
        D:4 |     271 |     291 |  51.8 |      16 |       1 |   5.9
        D:5 |     398 |     232 |  36.8 |      16 |       5 |  23.8
        D:6 |    1178 |       0 |   0.0 |      26 |       0 |   0.0
        D:7 |     963 |       0 |   0.0 |      21 |       0 |   0.0
        D:8 |    1546 |     427 |  21.6 |      14 |       6 |  30.0
            +---------+---------+-------+---------+---------+-------
